 Dungeon Crawl Stone Soup version 0.32-a0-411-g744942f433 (webtiles) character file.

Game seed: 14304412905946327802

176 ezpacito the Trooper (level 5, -2/41 HPs)
             Began as a Demonspawn Chaos Knight on Feb 20, 2024.
             Was a Plaything of Xom.
             Incinerated by a bombardier beetle (5 damage)
             ... with a burning spray
             ... on level 3 of the Dungeon.
             The game lasted 00:03:52 (2128 turns).

ezpacito the Trooper (Demonspawn Chaos Knight)      Turns: 2128, Time: 00:03:52

Health: -2/41      AC:  5    Str: 13    XL:     5   Next: 30%
Magic:  3/6        EV: 12    Int: 17    God:    Xom [......]
Gold:   128        SH:  0    Dex: 17    Spells: 2/5 levels left

rFire   . . .        a - +0 hand axe (chaos)
rCold   . . .        (no shield)
rNeg    . . .        b - +2 leather armour
rPois   .            (no helmet)
rElec   .            (no cloak)
rCorr   +            (no gloves)
SInv    .            (no boots)
Will    .....        (no amulet)
Stlth   +            d - +6 ring of dexterity
HPRegen 0.26/turn    h - ring of resist corrosion
MPRegen 0.10/turn

%: no passive effects
@: on fire, weak-willed, jinxed, glowing
A: hooves 1, foul stench 1, clever 1, strong-willed 1, evolution 2, subdued
magic 1
a: Renounce Religion


You were on level 3 of the Dungeon.
You worshipped Xom.
You were a very special plaything of Xom.
You visited 1 branch of the dungeon, and saw 3 of its levels.

You collected 128 gold pieces.

Inventory:

Hand Weapons
 a - a +0 hand axe of chaos (weapon)
 o - the +5 dagger "Ziliz" {drain, rPois rF++ rC+ Dex-2}
   (You found it on level 2 of the Dungeon)

   Dex-2:     It affects your dexterity (-2).
   rF++:      It greatly protects you from fire.
   rC+:       It protects you from cold.
   rPois:     It protects you from poison
Armour
 b - a +2 leather armour (worn)
Jewellery
 d - a +6 ring of dexterity (left hand)
 h - a ring of resist corrosion (right hand)
Wands
 i - a wand of iceblast (12)
Scrolls
 f - a scroll of noise
 m - a scroll of enchant armour


   Skills:
 * Level 3.5 Fighting
 * Level 3.3 Axes
 * Level 2.7 Armour
 + Level 1.6 Dodging
 + Level 1.0 Stealth
 * Level 1.5 Unarmed Combat
 + Level 0.7 Spellcasting
 * Level 0.6 Hexes
 + Level 0.6 Translocations
 + Level 0.2 Evocations


You had 2 spell levels left.
You knew the following spells:

 Your Spells              Type           Power      Damage    Failure   Level
a - Jinxbite              Hex            4%         N/A       28%         2
b - Apportation           Tloc           4%         N/A       19%         1

Your spell library contained the following spells:

 Spells                   Type           Power      Damage    Failure   Level
 Freeze                   Ice            0%         1d3       24%         1
 Frozen Ramparts          Ice            0%         1d1       58%         3
 Hailstorm                Conj/Ice       0%         3d5       58%         3
 Alistair's Intoxication  Alch           0%         N/A       100%        5


Dungeon Overview and Level Annotations

Branches:
Dungeon (3/15)

Altars:
Makhleb


Innate Abilities, Weirdness & Mutations

You have large cloven feet.
You may rarely emit foul miasma when damaged in melee.
Your mind is acute. (Int +4, Str/Dex -1)
You are strong-willed. (Will+)
You have great hidden genetic potential.
Your spells are a little easier to cast, but a little less powerful.


Message History

You hit the bombardier beetle.
The bombardier beetle is lightly wounded.
The liquid fire burns you!
The bombardier beetle bites you but does no damage.
You hit the bombardier beetle but do no damage.
The bombardier beetle is poisoned.
The bombardier beetle is lightly wounded.
The liquid fire burns you!
You are too injured to fight recklessly!
You are too injured to fight recklessly!
You are too injured to fight recklessly!
You are too injured to fight recklessly!
You are too injured to fight recklessly!
You aren't carrying any potions.
Okay, then.
Casting: Jinxbite (dangerous; 32% risk of failure)
Confirm with . or Enter, or press ? or * to list all spells.
You beckon some vexing sprites to accompany your attacks.
You feel your willpower being sapped. The liquid fire burns you!
* * * LOW HITPOINT WARNING * * *
The bombardier beetle bites you but does no damage.
You barely miss the bombardier beetle. Your kick misses the bombardier beetle.
The bombardier beetle is heavily wounded.
The liquid fire burns you!
* * * LOW HITPOINT WARNING * * *
The bombardier beetle sprays incendiary fluid at you.
The burning spray hits you.
You are even more covered in liquid fire!
You hit the bombardier beetle.
You kill the bombardier beetle!
The liquid fire burns you!
* * * LOW HITPOINT WARNING * * *
Your Stealth skill increases to level 1!
Unknown command.
A rat comes into view.
You shake off some of the fire as you move.
The liquid fire burns you!
You die... "Huh?
Did I miss anything?"

........# ........##
........r### #.# ...........
#.# ..)...>...# ..
#.######........#.### ...
#......#............# ...
#......#.......@.##.###.#
#......#########.##.....#
#......##### #....#..####
##..........########$.......
#.......## ...........###..#
#.#.....## .................
#.#......##.####.....#####..
#.#....<....# #...ß.##
#.###.....†## #....##


You could see a rat (asleep).

Vanquished Creatures
  A bombardier beetle (D:3)
  An adder (D:2)
  3 dart slugs
  3 bats
  3 endoplasms (D:1)
  5 giant cockroaches
  10 goblins
  6 hobgoblins
  14 jackals
  5 kobolds
  6 quokkas
  4 ball pythons
  3 frilled lizards
  2 rats (D:1)
66 creatures vanquished.

Notes
Turn   | Place    | Note
-------+----------+-------------------------------------------
     0 | D:1      | ezpacito the Demonspawn Chaos Knight began the quest for
                  | the Orb.
     0 | D:1      | Reached XP level 1. HP: 18/18 MP: 1/1
    76 | D:1      | XOM: silly message
    81 | D:1      | Reached skill level 1 in Dodging
    90 | D:1      | Gained mutation: You may rarely emit foul miasma when
                  | damaged in melee. [demonic ancestry]
    90 | D:1      | Reached XP level 2. HP: 16/24 MP: 2/2
   194 | D:1      | XOM: potion effect (brilliance)
   286 | D:1      | Found a faded altar of an unknown god.
   391 | D:1      | Gained mutation: You have large cloven feet. [demonic
                  | ancestry]
   391 | D:1      | Reached XP level 3. HP: 6/29 MP: 3/3
   608 | D:1      | XOM: 1-stop teleportation journey
   612 | D:1      | Learned a level 2 spell: Jinxbite
   614 | D:1      | Learned a level 1 spell: Apportation
   762 | D:2      | Reached XP level 4. HP: 35/35 MP: 4/4
  1034 | D:2      | Reached skill level 1 in Unarmed Combat
  1120 | D:2      | Found a burning altar of Makhleb.
  1245 | D:2      | Identified the +5 dagger "Ziliz" {drain, rPois rF++ rC+
                  | Dex-2}
  1311 | D:2      | XOM: give mutation
  1311 | D:2      | Gained mutation: You have a pair of small horns on your
                  | head. [Xom's mischief]
  1402 | D:2      | XOM: 6-stop teleportation journey
  1411 | D:2      | XOM: give mutations
  1411 | D:2      | Lost mutation: You have a pair of small horns on your head.
                  | [Xom's mischief]
  1411 | D:2      | Gained mutation: You have hidden genetic potential. [Xom's
                  | mischief]
  1459 | D:2      | You fall into a shaft and drop 1 floor!
  1460 | D:3      | XOM: give mutations
  1460 | D:3      | Gained mutation: You are strong-willed. (Will+) [Xom's
                  | mischief]
  1460 | D:3      | Gained mutation: You possess an exceptional clarity of
                  | mind. [Xom's mischief]
  1460 | D:3      | Gained mutation: Your mind is acute. (Int +4, Str/Dex -1)
                  | [Xom's mischief]
  1460 | D:3      | Gained mutation: Your spells are a little easier to cast,
                  | but a little less powerful. [Xom's mischief]
  1573 | D:2      | XOM: give mutations
  1573 | D:2      | Gained mutation: You have great hidden genetic potential.
                  | [Xom's mischief]
  1573 | D:2      | Lost mutation: You possess an exceptional clarity of mind.
                  | [Xom's mischief]
  1639 | D:2      | XOM: summons 3 hostile demons
  1644 | D:2      | XOM: smoke on damage
  1994 | D:2      | XOM: summons 4 hostile shadow creatures
  2109 | D:3      | Reached XP level 5. HP: 41/41 MP: 5/5
  2128 | D:3      | Reached skill level 1 in Stealth
  2128 | D:3      | Incinerated by a bombardier beetle

Illustrated notes

Levels and vault maps discovered:
D:1:      dpeg_arrival_round_a, layout_rooms,
          shapermc_ecumenical_altar_mp_highgroup
D:2:      layout_basic, basic_altar
D:3:      layout_rooms, nicolae_overflow_ecumenical_swirl,
          kennysheep_generic_room_13, uniq_robin

Skill      XL: |  1  2  3  4  5 |
---------------+----------------+-----
Dodging        | 1 |  1.6
Armour         | 2 |  2.7
Axes           | 3 |  3.3
Unarmed Combat | 1 |  1.5
Stealth        | 1 |  1.0
Fighting       | |  3.5
Spellcasting   | |  0.7
Hexes          | |  0.6
Translocations | |  0.6
Evocations     | |  0.2

Action                     |  1- 3 |  4- 6 || total
---------------------------+-------+-------++-------
  Melee: Hand axe          |    62 |    92 ||   154
         Kick              |     7 |    18 ||    25
   Cast: Jinxbite          |       |     2 ||     2
    Use: Scroll            |     2 |     6 ||     8
         Potion            |       |     4 ||     4
   Stab: Sleeping          |     1 |     2 ||     3
 Armour: Leather armour    |    44 |    61 ||   105
         Skin              |       |     1 ||     1
  Dodge: Dodged            |    40 |    53 ||    93

Table legend: (Time is in decaauts)
 A = Elapsed time spent in this place.
 B = Non-inter-level travel time spent in this place.
 C = Inter-level travel time spent in this place.
 D = Time resting spent in this place.
 E = Time spent auto-exploring this place.
 F = Levels seen in this place.
 G = Mean time per level.
                   A        B        C        D        E       F      G
               +--------+--------+--------+--------+--------+-----+--------+
         Total |   2157 |   2039 |    118 |      3 |   1583 |   3 |  719.0 |
       Dungeon |   2157 |   2039 |    118 |      3 |   1583 |   3 |  719.0 |
               +--------+--------+--------+--------+--------+-----+--------+

Top non-repeatable levels by time:
     D:2: 1252 daAuts
     D:1: 771 daAuts
     D:3: 133 daAuts
